 Dungeon Crawl Stone Soup version 0.15-a0-1675-g4580af5 (webtiles) character file.

4162 PolkaDot the Conjurer (level 10, -8/63 HPs)
             Began as a Vampire Conjurer on June 24, 2014.
             Was a High Priest of Sif Muna.
             Mangled by an orc knight
             ... wielding a +0 halberd
              (21 damage)
             ... in a bailey.
             The game lasted 00:48:10 (10186 turns).

PolkaDot the Conjurer (Vampire Conjurer)           Turns: 10186, Time: 00:48:10

HP  -8/63        AC  3     Str  7      XL: 10   Next:  7%
MP  15/34        EV 12     Int 24      God: Sif Muna [*****.]
Gold 513         SH  0     Dex 14      Spells:  4 memorised,  2 levels left

rFire  . . .     SeeInvis +     o - +9 cutlass "Poyhyd" {slice, rC+ Int+4}
rCold  + + +     Clarity  .     a - +0 robe
rNeg   + + +     rCorr    .     (no shield)
rPois  +         rRot     +     h - +0 helmet
rElec  .         Spirit   .     (no cloak)
SustAb .         Warding  .     (no gloves)
rMut   .         Stasis   .     (no boots)
Gourm  .                        (no amulet)
MR     +....                    k - ring of magical power
                                g - ring of magical power

@: regenerating slowly, somewhat resistant to hostile enchantments, fairly
stealthy
A: bottle blood, fangs 3, see invisible, unbreathing
a: Bat Form, Bottle Blood, Channel Energy, Forget Spell, Renounce Religion


You were in a bailey.
You worshipped Sif Muna.
Sif Muna was extremely pleased with you.
You were near bloodless.

You visited 2 branches of the dungeon, and saw 10 of its levels.
You also visited: Bailey.

You collected 513 gold pieces.

Inventory:

Hand weapons
 o - the +9 cutlass "Poyhyd" (weapon) {slice, rC+ Int+4}
   (You found it on level 6 of the Dungeon)

   It inflicts extra damage upon your enemies.
   It affects your intelligence (+4).
   It protects you from cold.
Armour
 a - a +0 robe (worn)
 h - a +0 helmet (worn)
 u - a +0 buckler
Magical devices
 i - a wand of confusion (8)
 n - a wand of random effects (8)
 q - a wand of teleportation (4)
 r - a wand of paralysis (11)
Scrolls
 d - 7 scrolls of remove curse
 e - a scroll of fog
 f - 5 scrolls of teleportation
 p - a scroll of amnesia {unknown}
 t - a scroll of blinking
 v - a scroll of enchant weapon {unknown}
 x - a scroll of recharging {unknown}
Jewellery
 b - an uncursed ring of wizardry
 g - a ring of magical power (left hand)
 j - an uncursed ring of wizardry
 k - a ring of magical power (right hand)
Potions
 l - 4 potions of curing
 s - a potion of lignification {unknown}
 w - 2 potions of restore abilities
 z - a potion of brilliance {unknown}
Books
 c - a book of Conjurations

   Spells                             Type                      Level
   *Magic Dart                        Conjuration                  1
   *Searing Ray                       Conjuration                  2
   Dazzling Spray                     Conjuration/Hexes            3
   *Fulminant Prism                   Conjuration/Hexes            4
   *Iskenderun's Mystic Blast         Conjuration                  4
   Iskenderun's Battlesphere          Conjuration/Charms           5


   Skills:
 - Level 2.1 Dodging
 - Level 3.0 Stealth
 - Level 2.0 Spellcasting
 * Level 11.2 Conjurations
 + Level 5.0 Hexes


You had 2 spell levels left.
You knew the following spells:

 Your Spells              Type           Power        Failure   Level  Hunger
a - Magic Dart            Conj           ####         1%          1    #......
d - Iskenderun's Mystic   Conj           ######..     1%          4    #####..
f - Fulminant Prism       Conj/Hex       #####.....   4%          4    #####..
s - Searing Ray           Conj           ######       1%          2    ##.....


Dungeon Overview and Level Annotations

Branches:
Dungeon (9/15)             Temple (1/1) D:4            Lair (0/8) D:8
    Orc: D:9-12

Altars:
Ashenzari
Cheibriados
Dithmenos
Fedhas
Gozag
Kikubaaqudgha
Makhleb
Nemelex Xobeh
Okawaru
Qazlal
Sif Muna
Trog
Vehumet
Xom
Yredelemnul
Zin
The Shining One

Shops:
D:5 =

Annotations:
D:6 exclusion: oklob plant


Innate Abilities, Weirdness & Mutations

You heal slowly.
You can bottle blood from corpses.
You have razor-sharp teeth.*
You have supernaturally acute eyesight.
You can survive without breathing.*


Message History

You conjure a prism of explosive energy!
The orc knight hits you from afar with a halberd!!
* * * LOW HITPOINT WARNING * * *
Casting: Fulminant Prism
Confirm with . or Enter, or press ? or * to list all spells.
Aiming: Iskenderun's Mystic Blast
Press: ? - help, Shift-Dir - straight line, f - orc knight
Aim: an orc knight, wielding a halberd and wearing a plate armour (severely wounded)
The orb of energy misses the orc knight.
Your fulminant prism crackles loudly.
Casting: Iskenderun's Mystic Blast
Confirm with . or Enter, or press ? or * to list all spells.
Aiming: Iskenderun's Mystic Blast
Press: ? - help, Shift-Dir - straight line, f/p - orc knight
Aim: an orc knight, wielding a halberd and wearing a plate armour (severely wounded)
The orb of energy misses the orc knight.
The orb of energy explodes!
* * * LOW MAGIC WARNING * * *
The orc knight hits you from afar with a halberd!!
You die...

#.≈..........##.....##)))....
#.≈.#########'###+###########
#.≈.##.....##.........#
#.≈..##...##..≈§≈≈≈≈≈.. #
#.≈≈..##.##..≈≈....)≈≈ ##
#∩.≈≈..#'#..≈≈..*⌠⌠..≈ #.
##.≈≈).#'#..≈≈o..⌠...≈ #.
#.≈≈).##.#'..≈§.)...§§ ##
#.≈..##..)##@.§§≈§≈≈≈. #
#.≈.##.....##......... #.$$$.
#.≈.#############+#### #####
.≈.... #### ≈≈≈≈≈ ##≈≈≈ ....
#.... ### ##.## ##.. ###


You could see an orc knight and a friendly fulminant prism.

Vanquished Creatures
  An orc knight (Bailey)
  Grinder (D:4)
  A two-headed ogre (D:8)
  A spriggan (D:8)
  A hungry ghost (D:6)
  Eustachio (D:7)
  Edmund (D:4)
  A yellow wasp (D:5)
  A sky beast (D:6)
  2 orc warriors (Bailey)
  An ice beast (D:5)
  A necrophage (D:5)
  6 ogres
  A manticore skeleton (D:8)
  2 centaurs
  Blork the orc (D:8)
  2 giant frogs
  A scorpion (D:6)
  A killer bee (D:6)
  6 goliath beetles
  A crimson imp (D:7)
  2 jellies
  2 orc priests (D:7)
  A hound (D:5)
  2 giant frog skeletons
  A giant frog zombie (D:8)
  3 iguanas
  2 big fish (D:6)
  4 orc wizards (D:7)
  3 worker ants
  A big kobold skeleton (D:8)
  A hound zombie (D:3)
  3 gnolls (D:5)
  11 adders
  An inept feature mimic (D:6)
  A shadow imp (D:7)
  7 giant mites
  2 worms
  An adder skeleton (D:7)
  5 giant geckos
  19 orcs
  13 bats
  A bat zombie (D:8)
  10 giant cockroaches
  11 goblins
  8 hobgoblins
  4 quokkas
  5 giant newts
  4 jackals (D:2)
  12 kobolds
  A kobold skeleton (D:5)
  An orc skeleton (D:6)
  12 rats
  A rat skeleton (D:7)
189 creatures vanquished.

Vanquished Creatures (others)
  5 fulminant prisms (Bailey)
  16 toadstools (D:6)
21 creatures vanquished.

Grand Total: 210 creatures vanquished

Notes
Turn   | Place    | Note
--------------------------------------------------------------
     0 | D:1      | PolkaDot, the Vampire Conjurer, began the quest for the Orb.
     0 | D:1      | Reached XP level 1. HP: 13/13 MP: 3/3
   692 | D:1      | Reached XP level 2. HP: 19/19 MP: 4/4
   892 | D:1      | Learned a level 2 spell: Searing Ray
  1555 | D:2      | Reached XP level 3. HP: 13/24 MP: 6/6
  1767 | D:2      | Found a shattered altar of Ashenzari.
  1937 | D:2      | Reached skill level 4 in Conjurations
  2064 | D:2      | Reached XP level 4. HP: 22/30 MP: 7/7
  2343 | D:2      | Found an ancient bone altar of Kikubaaqudgha.
  2398 | D:2      | Learned a level 4 spell: Iskenderun's Mystic Blast
  3040 | D:3      | Found a radiant altar of Vehumet.
  3056 | D:3      | Reached XP level 5. HP: 35/35 MP: 9/9
  3385 | D:4      | Noticed Edmund
  3425 | D:4      | Killed Edmund
  3425 | D:4      | Reached skill level 5 in Conjurations
  4056 | D:4      | Found a staircase to the Ecumenical Temple.
  4073 | D:4      | Noticed a gargoyle
  4120 | Temple   | Entered the Ecumenical Temple
  4177 | Temple   | Became a worshipper of Sif Muna the Loreminder
  4281 | D:4      | Reached XP level 6. HP: 41/41 MP: 10/10
  4961 | D:4      | Noticed Grinder
  5015 | D:4      | Paralysed by Grinder for 3 turns
  5026 | D:4      | Killed Grinder
  5026 | D:4      | Acquired Sif Muna's first power
  5026 | D:4      | Reached skill level 6 in Conjurations
  5026 | D:4      | Reached XP level 7. HP: 37/46 MP: 4/12
  5328 | D:5      | Entered Level 5 of the Dungeon
  5339 | D:5      | Reached skill level 7 in Conjurations
  5455 | D:5      | Found Junaull's Jewellery Shoppe.
  5588 | D:5      | Found a glowing golden altar of the Shining One.
  5877 | D:5      | Acquired Sif Muna's second power
  5877 | D:5      | Reached XP level 8. HP: 42/52 MP: 13/13
  5975 | D:5      | Reached skill level 8 in Conjurations
  6381 | D:6      | Found a shadowy altar of Dithmenos.
  6577 | D:6      | Reached skill level 9 in Conjurations
  6671 | D:6      | Got a pitted cutlass
  6672 | D:6      | Identified the +9 cutlass "Poyhyd" {slice, rC+ Int+4} (You found it on level 6 of the Dungeon)
  7018 | D:6      | Reached XP level 9. HP: 54/57 MP: 14/14
  7241 | D:6      | Found a blossoming altar of Fedhas.
  7305 | D:6      | Noticed an oklob plant
  7460 | D:7      | Noticed Eustachio
  7465 | D:7      | Killed Eustachio
  7465 | D:7      | Acquired Sif Muna's third power
  7465 | D:7      | Reached skill level 10 in Conjurations
  7846 | D:7      | Learned a level 4 spell: Fulminant Prism
  8649 | D:8      | Reached skill level 1 in Hexes
  8668 | D:8      | Found a staircase to the Lair.
  8717 | D:8      | Noticed Blork the orc
  8721 | D:8      | Killed Blork the orc
  8756 | D:8      | Found a shattered altar of Ashenzari.
  9299 | D:9      | Found a flagged portal.
  9304 | D:9      | Reached skill level 11 in Conjurations
  9371 | Bailey   | Entered a bailey
  9549 | Bailey   | Noticed an orc knight
  9583 | Bailey   | Noticed an orc knight
  9606 | Bailey   | Killed an orc knight
  9606 | Bailey   | Reached XP level 10. HP: 11/63 MP: 0/16
 10158 | Bailey   | Reached skill level 5 in Hexes
 10186 | Bailey   | Mangled by an orc knight

Action                   |  1- 3 |  4- 6 |  7- 9 | 10-12 || total
-------------------------+-------+-------+-------+-------++-------
Melee: Unarmed           |     4 |       |       |       ||     4
       Short sword       |    22 |    31 |     6 |       ||    59
       Cutlass           |       |       |    83 |       ||    83
 Cast: Magic Dart        |    40 |    58 |    75 |     1 ||   174
       Searing Ray       |    10 |    13 |    19 |       ||    42
       Iskenderun's Myst |       |     3 |    85 |    10 ||    98
       Fulminant Prism   |       |       |     2 |     4 ||     6
Invok: Channel Energy    |       |       |   105 |    16 ||   121
 Abil: End Transformatio |       |     2 |     1 |       ||     3
       Bat Form          |       |     2 |     1 |       ||     3
Evoke: Wand              |       |       |     4 |       ||     4
  Use: Potion            |       |     6 |     6 |       ||    12
       Scroll            |       |     4 |    10 |       ||    14
 Stab: Sleeping          |       |     1 |    13 |       ||    14
